 Dungeon Crawl Stone Soup version 0.31-a0-180-g519b7de00c (webtiles) character file.

Game seed: 13648075085652864781

17 frimble the Grasshopper (level 2, -1/19 HPs)
             Began as an Octopode Warper on June 20, 2023.
             Succumbed to a kobold's poison
             ... on level 1 of the Dungeon.
             The game lasted 00:00:21 (298 turns).

frimble the Grasshopper (Octopode Warper)            Turns: 298, Time: 00:00:21

Health: -1/19      AC:  1    Str: 10    XL:     2   Next: 62%
Magic:  5/5        EV: 13    Int: 15    God:
Gold:   57         SH:  0    Dex: 11    Spells: 3/5 levels left

rFire   . .          .
                       - Unarmed
rCold   . . .        (no shield)
rNeg    . . .        (helmet restricted)
rPois   .            (no amulet)
rElec   .            (no ring)
rCorr   .            (no ring)
SInv    .            (no ring)
Will    .....        (no ring)
Stlth   ++           (no ring)
HPRegen 0.23/turn    (no ring)
MPRegen 0.09/turn    (no ring)
                     (no ring)

%: no passive effects
@: lethally poisoned (-1 -> -14)
A: almost no armour, amphibious, 8 rings, camouflage 1, gelatinous body 1,
(nimble swimmer 1), tentacles
a: no special abilities


You were on level 1 of the Dungeon.
You visited 1 branch of the dungeon, and saw 1 of its levels.

You collected 57 gold pieces.

Inventory:

Missiles
 b - 7 boomerangs of dispersal (quivered)
Jewellery
 c - a ring of fire
Scrolls
 a - a scroll of blinking
 d - a scroll of identify {unknown}
 e - 3 scrolls of enchant armour {unknown}
 g - a scroll of fog {unknown}
Potions
 f - a potion of heal wounds {unknown}


   Skills:
 - Level 2.0 Fighting
 - Level 1.0 Throwing
 - Level 2.3 Dodging
 + Level 3.0 Unarmed Combat
 - Level 2.0 Spellcasting
 - Level 3.0 Translocations


You had 3 spell levels left.
You knew the following spells:

 Your Spells              Type           Power      Damage    Failure   Level
a - Blink                 Tloc           20%        N/A       10%         2

Your spell library contained the following spells:

 Spells                   Type           Power      Damage    Failure   Level
 Lesser Beckoning         Tloc           20%        N/A       10%         2
 Teleport Other           Tloc           10%        N/A       19%         3
 Vhi's Electric Charge    Tloc/Air       12%        N/A       34%         3
 Manifold Assault         Tloc           10%        N/A       54%         4


Dungeon Overview and Level Annotations

Branches:
Dungeon (1/15)

Altars:


Innate Abilities, Weirdness & Mutations

You cannot wear most types of armour.
You are amphibious.
You can wear up to eight rings at the same time.
Your skin changes colour to match your surroundings (Stealth+).
Your rubbery body absorbs attacks. (AC +1, EV +1)
((You are camouflaged when in or above water. (Stealth+)))
You have tentacles for arms and can constrict up to eight enemies at once.


Message History

You barely miss the giant cockroach.
The giant cockroach is moderately wounded.
You constrict the giant cockroach, but do no damage.
The giant cockroach barely misses you.
You tentacle-slap the giant cockroach but do no damage.
The giant cockroach is moderately wounded.
You constrict the giant cockroach. The giant cockroach bites you. x2
You tentacle-slap the giant cockroach.
You kill the giant cockroach!
Your Unarmed Combat skill increases to level 3!
No target in view!
No target in view!
A kobold and 2 goblins come into view.
The kobold is wielding a +1 short sword of venom.
Found four items.
The goblin shouts! x2
The goblin hits you with a +0 dagger.
A quokka comes into view.
There are monsters nearby!
There are monsters nearby!
You barely miss the goblin. You grab the goblin. You constrict the goblin.
The goblin misses you.
You barely miss the goblin.
The goblin is moderately wounded.
You constrict the goblin.
The goblin hits you with a +0 dagger. x2
You tentacle-slap the goblin.
You kill the goblin!
The goblin barely misses you.
You closely miss the kobold. You grab the kobold. You constrict the kobold.
The kobold hits you with a +1 short sword of venom.
You are lethally poisoned!
The goblin hits you with a +0 dagger.
You are too injured to fight recklessly!
You are too injured to fight recklessly!
You release your grip on the kobold.
The kobold attacks as you move away!
The kobold hits you with a +1 short sword of venom.
* * * LOW HITPOINT WARNING * * *
The goblin attacks as you move away! The goblin hits you with a +0 dagger.
* * * LOW HITPOINT WARNING * * *
You die...

#....# ######.####
#### #.......#
#####....
#.###...###.....###
#).†##......#$#
#.##.......##.# ..#
#.......#.# #..
#.##...##.# ... ..#
#..@#g#.. ###.#..
#.###.# ... ##
..#.rK#.....#
....#... $....# #..
#!($ ......# ##
#### ......#
......# .$....#
......#


There were no monsters in sight!

Vanquished Creatures
  A dart slug (D:1)
  2 ball pythons (D:1)
  2 giant cockroaches (D:1)
  2 goblins (D:1)
  4 bats (D:1)
  3 frilled lizards (D:1)
14 creatures vanquished.

Notes
Turn   | Place    | Note
-------+----------+-------------------------------------------
     0 | D:1      | frimble the Octopode Warper began the quest for the Orb.
     0 | D:1      | Reached XP level 1. HP: 14/14 MP: 3/3
   190 | D:1      | Reached XP level 2. HP: 17/19 MP: 5/5
   208 | D:1      | Learned a level 2 spell: Blink
   298 | D:1      | Succumbed to a kobold's poison

Illustrated notes

Levels and vault maps discovered:
D:1:      heliophobic_arrival_battle_scene, layout_rooms, minmay_vboxes

Skill      XL: |  1  2 |
---------------+-------+-----
Unarmed Combat | 3 |  3.0
Fighting       | |  2.0
Throwing       | |  1.0
Dodging        | |  2.3
Spellcasting   | |  2.0
Translocations | |  3.0

Action                     || total
---------------------------++-------
  Melee: Unarmed           ||    39
         Tentacles         ||     3
         Constrict         ||     7
   Stab: Sleeping          ||     3
 Armour: Skin              ||     4
  Dodge: Dodged            ||    19

Table legend: (Time is in decaauts)
 A = Elapsed time spent in this place.
 B = Non-inter-level travel time spent in this place.
 C = Inter-level travel time spent in this place.
 D = Time resting spent in this place.
 E = Time spent auto-exploring this place.
 F = Levels seen in this place.
 G = Mean time per level.
                   A        B        C        D        E       F      G
               +--------+--------+--------+--------+--------+-----+--------+
         Total |    296 |    296 |      0 |      0 |    205 |   1 |  296.0 |
       Dungeon |    296 |    296 |      0 |      0 |    205 |   1 |  296.0 |
               +--------+--------+--------+--------+--------+-----+--------+

Top non-repeatable levels by time:
     D:1: 296 daAuts
